 Dungeon Crawl Stone Soup version 0.17-a0-1987-gaf5a542 (webtiles) character file.

47 Shim the Grasshopper (level 3, 0/24 HPs)
             Began as a High Elf Warper on Oct 6, 2015.
             Slain by a giant gecko (4 damage)
             ... on level 2 of the Dungeon.
             The game lasted 00:08:45 (2285 turns).

Shim the Grasshopper (High Elf Warper)              Turns: 2285, Time: 00:08:45

Health: 0/24       AC:  2    Str: 10    XL:     3   Next: 48%
Magic:  7/7        EV: 13    Int: 16    God:
Gold:   102        SH:  0    Dex: 16    Spells: 3 memorised, 2 levels left

rFire  . . .     SeeInvis .     h - +0 dagger (speed)
rCold  . . .     Clarity  .     g - +0 robe (curse)
rNeg   . . .     SustAt   .     (no shield)
rPois  .         Gourm    .     (no helmet)
rElec  .         Spirit   .     (no cloak)
rCorr  .         Warding  .     (no gloves)
rMut   .         Stasis   .     (no boots)
MR     .....                    (no amulet)
Stlth  ++........               (no ring)
                                (no ring)

@: not resistant to hostile enchantments, unstealthy
A: no striking features
a: no special abilities


You were on level 2 of the Dungeon.
You were not hungry.

You visited 1 branch of the dungeon, and saw 3 of its levels.

You collected 102 gold pieces.

Inventory:

Hand Weapons
 a - a +0 short sword
 h - a +0 dagger of speed (weapon)
Missiles
 e - 5 tomahawks of dispersal
 m - 21 arrows
 s - 7 javelins (quivered)
Armour
 b - a +0 leather armour
 g - a cursed +0 robe (worn)
 t - a +1 robe
Scrolls
 d - 2 scrolls of blinking
 p - 3 scrolls of identify {unknown}
Potions
 i - a potion of might {unknown}
 j - 2 potions of agility {unknown}
 l - a potion of degeneration {unknown}
 o - a potion of poison {unknown}
 q - a potion of haste {unknown}
 r - 2 potions of curing {unknown}
Books
 c - a book of Spatial Translocations

   Spells                             Type                      Level
   a - Apportation                    Translocation                1
   b - Blink                          Translocation                2
   c - Shroud of Golubria             Charms/Translocation         2
   d - Portal Projectile              Translocation                3
   e - Teleport Other                 Translocation                3
   f - Passage of Golubria            Translocation                4
Comestibles
 f - 2 bread rations
 k - 4 chunks of flesh
 n - 3 meat rations
 u - a royal jelly


   Skills:
 + Level 2.1 Fighting
 + Level 2.8 Short Blades
 * Level 1.8 Throwing
 + Level 1.0 Armour
 + Level 2.4 Dodging
 * Level 0.5 Stealth
 + Level 2.6 Spellcasting
 + Level 3.9 Translocations


You had 2 spell levels left.
You knew the following spells:

 Your Spells              Type           Power        Failure   Level  Hunger
a - Apportation           Tloc           ##........   4%          1    #......
b - Blink                 Tloc           N/A          8%          2    ##.....
c - Shroud of Golubria    Chrm/Tloc      #.........   14%         2    ##.....


Dungeon Overview and Level Annotations

Branches:
Dungeon (3/15)

Altars:
Makhleb


Message History

You hit the giant gecko.
The giant gecko is lightly wounded.
The giant gecko barely misses you.
You hit the giant gecko.
The giant gecko is severely wounded.
The giant gecko bites you.
* * * LOW HITPOINT WARNING * * *
You barely miss the giant gecko.
The giant gecko is severely wounded.
The giant gecko bites you.
* * * LOW HITPOINT WARNING * * *
You barely miss the giant gecko.
The giant gecko is severely wounded.
You barely miss the giant gecko.
The giant gecko is severely wounded.
The giant gecko bites you but does no damage.
You barely miss the giant gecko.
The giant gecko is severely wounded.
The giant gecko bites you.
You die...

########### ###
#.......).######..###
#(..#####....#......#
###...# ####Sl@>....# #
###.# ####...###
#######S##### #.)#######
..lg........####....<...#
#######.###.............#
##..#.##...#..........#
##........######.......#
#........## #.......#
##.......# #.......#


You could see an adder and a giant gecko.

Vanquished Creatures
  An adder (D:2)
  3 worms
  A giant gecko (D:1)
  An orc (D:3)
  4 goblins
  2 hobgoblins
  2 jackals (D:2)
  A ball python (D:1)
  A bat (D:1)
  3 giant cockroaches (D:1)
  2 giant newts (D:1)
  4 kobolds
  A quokka (D:2)
  5 rats (D:1)
31 creatures vanquished.

Notes
Turn   | Place    | Note
--------------------------------------------------------------
     0 | D:1      | Shim the High Elf Warper began the quest for the Orb.
     0 | D:1      | Reached XP level 1. HP: 14/14 MP: 4/4
   462 | D:1      | Reached skill level 1 in Armour
   462 | D:1      | Reached XP level 2. HP: 12/19 MP: 6/6
   466 | D:1      | Learned a level 2 spell: Blink
  1448 | D:2      | Reached XP level 3. HP: 21/24 MP: 7/7
  1499 | D:2      | Learned a level 2 spell: Shroud of Golubria
  2199 | D:2      | Found a burning altar of Makhleb.
  2285 | D:2      | Slain by a giant gecko

Vault maps used:
D:1:      eino_arrival_druids_welcome, hex_large, monster_avoids_cloud
D:2:      bloody_makhleb, nicolae_ru_awakened_eye
D:3:      led_xom_imps, uniq_terence, uniq_natasha

Action                   || total
-------------------------++-------
Melee: Short sword       ||    88
       Dagger            ||    48
Throw: Javelin           ||    14
       Stone             ||     1
 Cast: Blink             ||     4
       Shroud of Golubri ||     2
  Use: Scroll            ||     3
 Stab: Sleeping          ||     1
  Eat: Bread ration      ||     1
